AoeStats
← Orangetang

Black Forest

509566005Analyzed
4v4 RM · 4d ago on Sep 27, 2026· 107m 45s· 8 players
Game mode
Random Map
Map size
Large (8 player)
Population
200
Speed
Normal
Resources
Standard
Victory
Conquest
Starting age
Dark Age
Ending age
Imperial Age
RankedLock teamsTeams togetherTeam positionsShared explorationLock speedFull tech treeHidden civsTurbo modeCheats
Victory
Defeat
🇧🇪 Varangians · Belgium
830
+15
🇨🇳 Wei · China
816
+23
🇩🇪 Tatars · Germany
807
+16
🇹🇼 Britons · Taiwan
767
+17
🇧🇪 Bohemians · Belgium
904
-21
🇨🇱 Franks · Chile
863
-18
🇨🇦 Khmer · Canada
719
-12
🇫🇷 Teutons · France
716
-12
MMOREE
0:30 Loom
12:41 Feudal Age
13:53 Horse Collar
15:14 Double-Bit Axe
16:11 Wheelbarrow
16:54 Wheelbarrow
22:28 Gold Mining
25:11 Scale Barding Armor
24:57 Fletching
25:19 Forging
27:13 Castle Age
25:08 Stone Mining
26:29 Padded Archer Armor
29:23 Gold Shaft Mining
28:49 Heavy Plow
29:01 Bow Saw
28:49 Bodkin Arrow
29:14 Chain Barding Armor
29:30 Iron Casting
28:57 Caravan
34:38 Ballistics
35:08 Hand Cart
35:45 Leather Archer Armor
36:22 Town Watch
39:12 Treadmill Crane
40:15 Husbandry
42:50 Imperial Age
41:01 Bloodlines
40:29 Light Cavalry
41:52 Silk Armor
43:36 Bracer
44:07 Ring Archer Armor
44:13 Plate Barding Armor
44:38 Blast Furnace
44:40 Chemistry
44:06 Conscription
43:16 Elite Steppe Lancer
45:35 Heavy Cavalry Archer
54:00 Hussar
Caesar
0:50 Loom
13:59 Feudal Age
14:43 Horse Collar
14:51 Double-Bit Axe
23:07 Castle Age
21:06 Stone Mining
21:07 Gold Mining
24:17 Bow Saw
24:26 Heavy Plow
24:30 Fletching
24:43 Padded Archer Armor
25:08 Caravan
26:07 Stone Shaft Mining
26:23 Leather Archer Armor
32:28 Squires
36:54 Imperial Age
35:43 Wheelbarrow
34:53 Town Watch
35:49 Fortified Wall
36:01 Ballistics
35:37 Murder Holes
35:33 Pikeman
37:04 Hand Cart
38:02 Conscription
37:43 Halberdier
39:10 Scale Mail Armor
39:21 Forging
39:16 Gothikon
41:38 Chemistry
41:03 Scale Barding Armor
41:34 Iron Casting
42:32 Chain Mail Armor
43:18 Blast Furnace
43:10 Town Patrol
44:10 Coinage
43:52 Guilds
45:20 Crop Rotation
45:53 Two-Man Saw
45:46 Husbandry
45:47 Elite Jarl
47:06 Cavalier
50:35 Plate Mail Armor
55:46 Chain Barding Armor
NDS
8:20 Loom
10:35 Feudal Age
16:21 Double-Bit Axe
16:28 Horse Collar
19:08 Castle Age
23:24 Caravan
24:26 Bow Saw
26:12 Heavy Plow
27:55 Wheelbarrow
32:17 Imperial Age
31:52 Padded Archer Armor
31:43 Fletching
31:53 Murder Holes
32:18 Ballistics
32:10 Masonry
31:43 Treadmill Crane
32:17 Forging
32:08 Scale Mail Armor
32:29 Hand Cart
32:00 Town Watch
33:26 Conscription
33:42 Hoardings
33:09 Warwolf
33:39 Bodkin Arrow
34:00 Leather Archer Armor
34:34 Town Patrol
36:47 Chemistry
35:54 Siege Engineers
37:35 Two-Man Saw
37:06 Squires
36:26 Pikeman
36:53 Arson
37:31 Yeomen
37:27 Bracer
38:03 Ring Archer Armor
38:01 Arrowslits
38:48 Architecture
38:55 Halberdier
42:31 Iron Casting
42:12 Chain Mail Armor
45:14 Blast Furnace
44:45 Plate Mail Armor
48:25 Elite Longbowman
50:24 Onager
60:19 Fervor
氕氘氚
6:40 Loom
13:47 Feudal Age
14:26 Double-Bit Axe
14:33 Horse Collar
18:20 Wheelbarrow
18:35 Stone Mining
18:36 Gold Mining
23:33 Castle Age
24:32 Hand Cart
24:59 Gold Shaft Mining
24:37 Bow Saw
24:59 Husbandry
25:11 Bloodlines
25:35 Heavy Plow
25:40 Padded Archer Armor
25:31 Fletching
27:23 Scale Barding Armor
27:29 Forging
28:17 Gold Shaft Mining
28:18 Stone Shaft Mining
28:16 Hand Cart
29:09 Tuntian
34:11 Imperial Age
33:28 Caravan
36:01 Chemistry
35:51 Ballistics
35:51 Masonry
35:54 Town Watch
36:32 Heavy Hei Guang Cavalry
37:47 Ming Guang Armor
37:44 Conscription
39:14 Town Patrol
41:24 Chain Barding Armor
41:40 Iron Casting
46:53 Parthian Tactics
46:40 Thumb Ring
50:20 Blast Furnace
51:15 Onager
71:38 Leather Archer Armor
71:18 Bodkin Arrow
74:04 Ring Archer Armor
73:35 Bracer
RoadinHR2019
0:33 Loom
14:31 Feudal Age
15:00 Town Watch
15:54 Wheelbarrow
16:11 Double-Bit Axe
20:52 Stone Mining
25:37 Castle Age
25:02 Fletching
26:20 Town Patrol
27:42 Bodkin Arrow
30:11 Bow Saw
30:40 Horse Collar
32:27 Pikeman
33:50 Fortified Wall
34:41 Hand Cart
37:43 Imperial Age
37:48 Ballistics
38:14 Forging
38:00 Guard Tower
38:51 Crenellations
40:02 Chemistry
47:25 Siege Engineers
53:10 Hoardings
52:56 Conscription
54:26 Iron Casting
53:52 Scale Mail Armor
59:26 Blast Furnace
58:41 Chain Mail Armor
58:28 Padded Archer Armor
57:51 Elite Teutonic Knight
58:00 Elite Teutonic Knight
Orangetang
1:20 Loom
12:39 Feudal Age
15:20 Horse Collar
17:19 Double-Bit Axe
21:55 Castle Age
20:08 Stone Mining
24:04 Stone Shaft Mining
25:29 Bow Saw
25:46 Heavy Plow
27:32 Wheelbarrow
26:52 Town Watch
31:28 Husbandry
31:38 Bloodlines
30:49 Light Cavalry
31:27 Gold Mining
32:55 Hand Cart
32:44 Town Patrol
33:52 Caravan
36:41 Imperial Age
34:26 Caravan
34:50 Fletching
35:32 Forging
35:43 Bodkin Arrow
36:11 Ballistics
37:17 Murder Holes
37:35 Fortified Wall
38:20 Gold Shaft Mining
39:14 Conscription
39:56 Double Crossbow
41:14 Elite Ballista Elephant
44:05 Cavalier
46:07 Masonry
46:02 Siege Engineers
47:31 Scale Barding Armor
51:34 Chain Barding Armor
51:50 Iron Casting
51:49 Architecture
53:54 Hussar
61:15 Plate Barding Armor
61:40 Blast Furnace
60:41 Bracer
71:52 Padded Archer Armor
71:52 Scale Mail Armor
Quincha
12:25 Feudal Age
18:03 Castle Age
17:21 Double-Bit Axe
19:24 Wheelbarrow
19:42 Bow Saw
19:25 Stone Mining
19:26 Gold Mining
20:21 Hand Cart
32:06 Imperial Age
29:24 Loom
29:26 Town Watch
30:18 Gold Shaft Mining
31:22 Scale Barding Armor
31:28 Forging
32:26 Chain Barding Armor
32:12 Cavalier
32:53 Husbandry
34:32 Plate Barding Armor
34:34 Iron Casting
34:34 Chivalry
33:58 Paladin
37:48 Blast Furnace
36:39 Fletching
36:50 Padded Archer Armor
39:26 Chemistry
38:14 Treadmill Crane
42:49 Ballistics
42:29 Bodkin Arrow
42:50 Leather Archer Armor
43:39 Caravan
43:48 Heavy Scorpion
46:13 Scale Mail Armor
48:41 Chain Mail Armor
51:02 Plate Mail Armor
56:06 Elite Skirmisher
56:31 Light Cavalry
59:29 Pikeman
60:10 Squires
59:55 Gambesons
59:56 Arson
62:14 Town Patrol
62:22 Halberdier
SimonPP95
0:31 Loom
12:57 Feudal Age
13:44 Horse Collar
13:56 Double-Bit Axe
14:53 Wheelbarrow
20:51 Castle Age
21:49 Forging
21:39 Scale Mail Armor
22:37 Heavy Plow
22:50 Bow Saw
23:46 Hand Cart
27:35 Iron Casting
32:24 Imperial Age
30:58 Ballistics
30:19 Pikeman
31:20 Chain Mail Armor
32:45 Chemistry
32:57 Caravan
33:33 Halberdier
35:20 Blast Furnace
35:04 Heavy Scorpion
36:13 Squires
38:01 Plate Mail Armor
37:34 Houfnice
40:31 Coinage
47:01 Banking
46:41 Guilds
58:16 Onager
65:40 Arson
76:23 Cavalier
85:54 Two-Man Saw
91:13 Capped Ram
Connection lost

Rejoining the realm…

Still unreachable

The connection could not be restored.

Session expired

The server has moved on; the page needs a fresh start.